 Dungeon Crawl Stone Soup version 0.27-a0-1590-g15f69828bf (webtiles) character file.

Game seed: 15409146522497106227

31679 quinnr the Stormcaller (level 13, -7/81 HPs)
             Began as a Tengu Air Elementalist on July 18, 2021.
             Was a Priest of Vehumet.
             Mangled by a large abomination (32 damage)
             ... in a Gauntlet.
             The game lasted 01:07:08 (22635 turns).

quinnr the Stormcaller (Tengu Air Elementalist)    Turns: 22635, Time: 01:07:10

Health: -7/81      AC:  8    Str:  8    XL:     13   Next: 59%
Magic:  23/23      EV: 20    Int: 21    God:    Vehumet [***...]
Gold:   486        SH:  0    Dex: 24    Spells: 10/24 levels left

rFire    . . .     SeeInvis .   C - +9 hand axe "Qazem" {flame, Dex+3}
rCold    . . .     Faith    .   (no shield)
rNeg     . . .     Spirit   .   J - +1 robe {Will+}
rPois    +         Reflect  .   y - +0 hat {Will+}
rElec    +         Harm     .   b - +1 cloak
rCorr    .         Rampage  .   u - +2 pair of gloves
Will     ++...     NoTele   +   (boots unavailable)
Stlth    ++++......             B - amulet of magic regeneration
HPRegen  0.23/turn              f - ring "Pazat" {rElec rPois Dex+6}
MPRegen  0.43/turn              F - ring of wizardry

@: mighty, flying quickly and evasively, very slightly contaminated, invisible,
quick
A: beak, talons 3, nimble flight
a: Renounce Religion


You were in a Gauntlet.
You worshipped Vehumet.
Vehumet was most pleased with you.
You visited 3 branches of the dungeon, and saw 16 of its levels.
You also visited: Sewer, Ossuary and Gauntlet.

You collected 1162 gold pieces.
You spent 676 gold pieces at shops.

Inventory:

Hand Weapons
 C - the +9 hand axe "Qazem" (weapon) {flame, Dex+3}
   (You found it on level 7 of the Dungeon)

   It burns those it strikes, dealing additional fire damage.
   Big, fiery blades are also staple armaments of hydra-hunters.
   Dex:       It affects your dexterity (+3).
Missiles
 s - 65 poisoned darts
 E - 6 boomerangs of dispersal
 I - 3 curare-tipped darts
 Q - 4 throwing nets
Armour
 b - a +1 cloak (worn)
 u - a +2 pair of gloves (worn)
 y - a +0 hat of willpower (worn)
 J - a +1 robe of willpower (worn)
Magical Staves
 K - a staff of air
Jewellery
 d - a ring of poison resistance
 f - the ring "Pazat" (left hand) {rElec rPois Dex+6}
   (You acquired it in a Gauntlet)

   [ring of dexterity]

   Dex:       It affects your dexterity (+6).
   rElec:     It insulates you from electricity.
   rPois:     It protects you from poison.
 k - a ring of ice
 B - an amulet of magic regeneration (around neck)
 F - a ring of wizardry (right hand)
 H - the ring "Badghus" {rPois rF- Will+ rCorr}
   (You found it in a Gauntlet)

   [ring of resist corrosion]

   rF:        It makes you vulnerable to fire.
   rPois:     It protects you from poison.
   rCorr:     It protects you from acid and corrosion.
   Will:      It increases your willpower.
 R - a ring of fire
 W - a ring of see invisible
Wands
 a - a wand of polymorph (17)
 j - a wand of iceblast (10)
 p - a wand of charming (4)
 v - a wand of acid (16)
 A - a wand of mindburst (18)
 P - a wand of flame (56)
 V - a wand of paralysis (13)
Scrolls
 g - a scroll of blinking
 i - 6 scrolls of noise
 l - 7 scrolls of teleportation
 q - 2 scrolls of magic mapping
 r - 3 scrolls of enchant weapon
 x - 3 scrolls of fog
 z - 2 scrolls of fear
 D - 2 scrolls of brand weapon
 G - 2 scrolls of holy word
 M - a scroll of identify
 O - a scroll of amnesia
Potions
 e - 2 potions of resistance
 h - 7 potions of curing
 m - 4 potions of lignification
 o - 2 potions of brilliance
 t - a potion of attraction
 w - a potion of mutation
 L - a potion of cancellation
 N - 2 potions of heal wounds
Miscellaneous
 Y - a phantom mirror (inert)


   Skills:
 + Level 9.6 Fighting
 - Level 2.0 Staves
 - Level 2.0 Armour
 + Level 6.2 Dodging
 - Level 6.0 Stealth
 - Level 6.0 Spellcasting
 - Level 6.0 Conjurations
 + Level 18.9 Air Magic
 - Level 3.0 Poison Magic
 * Level 7.8 Evocations


You had 10 spell levels left.
You knew the following spells:

 Your Spells              Type           Power      Damage    Failure   Level
a - Shock                 Conj/Air       100%       1d9       1%          1
b - Airstrike             Air            36%        N/A       1%          4
c - Static Discharge      Conj/Air       55%        N/A       1%          2
d - Mephitic Cloud        Conj/Pois/Air  45%        N/A       1%          3
e - Poisonous Vapours     Pois/Air       100%       N/A       1%          2
f - Searing Ray           Conj           62%        3d5       1%          2

Your spell library contained the following spells:

 Spells                   Type           Power      Damage    Failure   Level
 Frozen Ramparts          Ice            12%        1d3       3%          3
 Swiftness                Air            72%        N/A       0%          3
 Foxfire                  Conj/Fire      72%        2x1d7     1%          1
 Magic Dart               Conj           100%       1d8       1%          1
 Conjure Flame            Conj/Fire      18%        6-21      1%          3
 Inner Flame              Hex/Fire       6%         N/A       3%          3
 Fulminant Prism          Conj/Hex       9%         3d7       3%          4
 Olgreb's Toxic Radiance  Pois           18%        N/A       3%          4
 Animate Skeleton         Necr           12%        N/A       4%          1
 Apportation              Tloc           12%        N/A       4%          1
 Corona                   Hex            6%         N/A       4%          1
 Pain                     Necr           24%        1d5       4%          1
 Summon Small Mammal      Summ           24%        N/A       4%          1
 Ensorcelled Hibernation  Hex/Ice        12%        N/A       6%          2
 Passwall                 Tmut/Erth      5%         N/A       6%          2
 Spider Form              Tmut/Pois      6%         N/A       6%          3
 Gell's Gravitas          Tloc           3%         N/A       12%         3
 Lesser Beckoning         Tloc           3%         N/A       12%         3
 Portal Projectile        Hex/Tloc       12%        N/A       12%         3
 Teleport Other           Tloc           6%         N/A       12%         3
 Vampiric Draining        Necr           3%         2d6       12%         3
 Eringya's Noxious Bog    Tmut/Pois      6%         N/A       56%         6
 Blade Hands              Tmut           3%         N/A       69%         5
 Excruciating Wounds      Necr           3%         N/A       69%         5
 Summon Forest            Summ/Tloc      3%         N/A       69%         5
 Invisibility             Hex            3%         N/A       99%         6
 Shadow Creatures         Summ           N/A        N/A       99%         6
 Summon Hydra             Summ           3%         N/A       100%        7


Dungeon Overview and Level Annotations

Branches:
Dungeon (12/15)            Temple (1/1) D:6            Lair (3/6) D:10
  Snake (0/4) Lair:2        Sewer (visited)         Ossuary (visited)
Gauntlet (1/1)
  Swamp: Lair:2-4    Shoals: Lair:2-4       Orc: D:9-12

Altars:
Ashenzari
Cheibriados
Dithmenos
Elyvilon
Fedhas
Gozag
Hepliaklqana
Kikubaaqudgha
Makhleb
Nemelex Xobeh
Okawaru
Qazlal
Ru
Sif Muna
Trog
Uskayaw
Vehumet
Wu Jian
Xom
Yredelemnul
Zin
The Shining One

Shops:
D:4 *   D:11 (

Annotations:
Gauntlet 5 transporters


Innate Abilities, Weirdness & Mutations

You have a beak for a mouth.
You have claws for feet.
Your magical nature lets you fly swiftly and evasively.


Message History

You enter the transporter and appear at another place.
Unknown command.
You reach down and open the door.
You feel very mighty all of a sudden.
The small abomination closely misses you.
Unknown command.
You slash the small abomination! You burn the small abomination.
You claw the small abomination. You peck the small abomination.
The small abomination is severely damaged.
The small abomination closely misses you.
The small abomination misses you.
You slash the small abomination! You burn the small abomination.
You destroy the small abomination!
Vehumet accepts your kill.
The small abomination completely misses you.
Unknown command.
You slash the small abomination! You burn the small abomination.
You claw the small abomination. You peck the small abomination.
The small abomination is severely damaged.
The small abomination hits you!
The small abomination hits you but does no damage.
You slash the small abomination! You burn the small abomination.
You destroy the small abomination!
Vehumet accepts your kill. The large abomination hits you!
You hit the large abomination. You burn the large abomination.
You claw the large abomination. Your peck misses the large abomination.
The large abomination is lightly damaged.
The large abomination hits you!!
Blink to where?
Press: ? - help, Dir - move target
Okay, then.
Unknown command.
Unknown command.
You fade into invisibility!
The large abomination hits you!
You are very lightly contaminated with residual magic.
Unknown command.
You reach down and open the door.
The large abomination hits you!!
You die...

#≈≈.#########.≈≈#
##≈....#©..8#.≈##
##..8.#...©#.##
##≈....#©..8#.≈##
#≈≈.#########.≈≈#
##≈.###...###.≈##
##.###...###.##
##≈.#..##x..#.≈##
#≈≈.#.X#@#..#.≈≈#
##≈.#.xX##..#.≈##
##.###Xx.###.##
##≈.####©####.≈##
#≈≈.#########.≈≈#
##≈...........≈##
##...........##
##≈...........≈##
#≈≈≈#≈≈≈#≈≈≈#≈≈≈#


You could see 3 large abominations and 3 small abominations.

Vanquished Creatures
  Josephine (D:11)
  Harold (D:11)
  4 hydras (Lair:1)
  3 two-headed ogres
  2 catoblepae (Gauntlet)
  A tengu warrior (Gauntlet)
  Urug (Lair:2)
  An ugly thing (D:11)
  A moth of wrath (Gauntlet)
  Joseph (D:10)
  A black mamba (Lair:1)
  A molten gargoyle (Gauntlet)
  An unseen horror (D:11)
  7 cane toads
  4 gargoyles
  A kobold demonologist (D:9)
  A rime drake (Lair:1)
  A tengu conjurer (Gauntlet)
  A komodo dragon (Lair:1)
  A troll (D:10)
  2 polar bears
  2 hornets
  10 blink frogs
  A meliai zombie (D:11)
  A wyvern (D:8)
  2 shadows
  4 wraiths
  A basilisk (Lair:3)
  31 yaks
  A steam dragon (D:8)
  Grum (D:11)
  3 nagas (Lair:2)
  2 swamp worms (D:8)
  9 water moccasins
  2 black bears (D:6)
  An ice beast (D:7)
  4 orc warriors
  6 ogres
  13 wolves
  5 centaurs
  5 kobold brigands
  A gnoll sergeant (D:11)
  9 bullfrogs
  2 scorpions
  3 wyvern zombies
  2 water moccasin zombies (Ossuary)
  2 small abominations (Gauntlet)
  A water moccasin skeleton (D:5)
  A jelly (D:5)
  5 electric eels
  3 bullfrog zombies
  13 hounds
  9 centaur zombies
  3 gnoll shamans (D:8)
  6 orc priests
  An iron imp (D:6)
  Jessica (D:2)
  2 iguanas
  7 orc wizards
  2 scorpion zombies (D:5)
  2 killer bee zombies
  A human simulacrum (D:10)
  2 hound skeletons (D:4)
  13 mummies (Ossuary)
  2 howler monkey zombies (D:9)
  13 gnolls
  6 adders
  A river rat (D:6)
  2 white imps (D:5)
  7 worms
  4 dart slugs
  39 orcs
  9 ball pythons
  14 endoplasms
  6 giant cockroaches
  7 goblins
  15 hobgoblins
  11 jackals
  25 kobolds
  5 quokkas
  8 bats
  6 frilled lizards
  8 rats
  A toadstool (D:3)
421 creatures vanquished.

Vanquished Creatures (others)
  A human simulacrum (D:10)
  16 fungi
  28 plants
  2 toadstools (D:3)
  14 withered plants (Ossuary)
61 creatures vanquished.

Grand Total: 482 creatures vanquished

Notes
Turn   | Place    | Note
-------+----------+-------------------------------------------
     0 | D:1      | quinnr the Tengu Air Elementalist began the quest for the
                  | Orb.
     0 | D:1      | Reached XP level 1. HP: 10/10 MP: 4/4
   210 | D:1      | Reached skill level 5 in Air Magic
   210 | D:1      | Reached XP level 2. HP: 15/15 MP: 0/6
   461 | D:1      | Reached XP level 3. HP: 19/19 MP: 3/7
  1302 | D:2      | Found a faded altar of an unknown god.
  1321 | D:2      | Reached skill level 6 in Air Magic
  1631 | D:2      | Noticed Jessica
  1640 | D:2      | Killed Jessica
  1641 | D:2      | Reached XP level 4. HP: 24/24 MP: 3/8
  1691 | D:2      | Learned a level 4 spell: Airstrike
  2075 | D:2      | Reached skill level 7 in Air Magic
  2594 | D:3      | Found a shimmering blue altar of Sif Muna.
  2928 | D:3      | Gained mutation: Your magical nature lets you fly swiftly
                  | and evasively. [Tengu growth]
  2928 | D:3      | Reached XP level 5. HP: 28/28 MP: 6/9
  3055 | D:3      | Found a hazy altar of Hepliaklqana.
  3857 | D:4      | Found a basalt altar of Yredelemnul.
  4156 | D:4      | Noticed an orc warrior
  4223 | D:4      | Killed an orc warrior
  4224 | D:4      | Reached skill level 8 in Air Magic
  4224 | D:4      | Reached XP level 6. HP: 32/32 MP: 0/10
  4377 | D:4      | Found Vurr's Serpentskin Sales.
  4377 | D:4      | Noticed a water moccasin
  4382 | D:4      | Killed a water moccasin
  4394 | D:4      | Bought a ring of poison resistance for 260 gold pieces
  4507 | D:4      | Reached skill level 9 in Air Magic
  4723 | D:4      | Reached skill level 1 in Fighting
  4723 | D:4      | Reached XP level 7. HP: 32/38 MP: 3/11
  4747 | D:5      | Entered Level 5 of the Dungeon
  5164 | D:5      | Found a sand-covered staircase.
  5216 | Ossuary  | Entered an ossuary
  5245 | Ossuary  | Learned a level 2 spell: Static Discharge
  5269 | Ossuary  | Reached skill level 10 in Air Magic
  5348 | Ossuary  | Reached XP level 8. HP: 32/46 MP: 1/12
  5599 | Ossuary  | Reached skill level 11 in Air Magic
  6393 | D:5      | Reached skill level 12 in Air Magic
  7202 | D:5      | Reached skill level 5 in Stealth
  7280 | D:5      | Found a burning altar of Makhleb.
  7427 | D:5      | Found a stormy altar of Qazlal.
  7681 | D:5      | Reached XP level 9. HP: 50/50 MP: 7/13
  7985 | D:6      | Reached skill level 1 in Evocations
  8007 | D:6      | Reached skill level 1 in Armour
  8037 | D:6      | Found a glowing drain.
  8049 | Sewer    | Entered a sewer
  9214 | D:6      | Found a staircase to the Ecumenical Temple.
  9220 | Temple   | Entered the Ecumenical Temple
  9641 | D:6      | Noticed a hornet
 10013 | D:6      | Killed a hornet
 10235 | D:6      | Found a snail-covered altar of Cheibriados.
 10592 | D:7      | Noticed a two-headed ogre
 10622 | D:7      | Killed a two-headed ogre
 10623 | D:7      | Reached skill level 14 in Air Magic
 10623 | D:7      | Reached XP level 10. HP: 56/56 MP: 3/14
 10773 | D:7      | Identified the +9 hand axe "Qazem" {flame, Dex+3}
 10889 | D:7      | Found an ornate altar of the Wu Jian Council.
 10889 | D:7      | Found a hide-covered altar of Uskayaw.
 11493 | D:8      | quinnr: ??altar
 11493 | D:8      | beem: altar[1/1]: Altars are used for gaining religion and
                  | receiving Kiku's, Lugonu's, and TSO's gifts. Altars to gods
                  | besides Beogh, Lugonu, and Jiyva are guaranteed in Temple
                  | or D:2-9. Jiyva's altar is guaranteed in Slime:6, and
                  | Lugonu's and Beogh's altars occasionally appear in the
                  | Abyss and Orc, respectively.
 11565 | D:8      | Reached skill level 15 in Air Magic
 11913 | D:8      | HP: 1/58 [acid (12)]
 12138 | D:8      | Found a glowing silver altar of Zin.
 12141 | D:8      | Found a glowing golden altar of the Shining One.
 12742 | D:8      | Reached skill level 5 in Dodging
 12902 | D:8      | Reached skill level 5 in Fighting
 13323 | D:4      | Bought the Handbook of Poisoning for 416 gold pieces
 13327 | D:4      | Learned a level 3 spell: Mephitic Cloud
 13330 | D:4      | Learned a level 2 spell: Poisonous Vapours
 13748 | D:9      | Noticed a two-headed ogre
 13757 | D:9      | Killed a two-headed ogre
 13758 | D:9      | Reached skill level 1 in Poison Magic
 13831 | D:9      | Reached XP level 11. HP: 40/64 MP: 11/17
 14357 | D:9      | Found a radiant altar of Vehumet.
 14462 | D:9      | Became a worshipper of Vehumet
 15017 | D:10     | Entered Level 10 of the Dungeon
 15017 | D:10     | Noticed Joseph
 15023 | D:10     | Killed Joseph
 15075 | D:9      | Noticed a soul eater
 15086 | D:9      | Reached skill level 5 in Conjurations
 15474 | D:10     | Found a staircase to the Lair.
 15567 | D:10     | Reached * piety under Vehumet
 15567 | D:10     | Offered knowledge of Freeze by Vehumet.
 15568 | D:10     | Reached skill level 5 in Spellcasting
 15680 | D:10     | Noticed a two-headed ogre
 15686 | D:10     | Killed a two-headed ogre
 15687 | D:10     | Reached skill level 5 in Evocations
 15968 | D:10     | Reached ** piety under Vehumet
 16429 | D:11     | Noticed a red ugly thing
 16438 | D:11     | Killed a red ugly thing
 16439 | D:11     | Reached XP level 12. HP: 44/70 MP: 5/22
 16772 | D:11     | Noticed Grum
 16777 | D:11     | Noticed Harold
 16780 | D:11     | Offered knowledge of Sandblast by Vehumet.
 16782 | D:11     | Killed Grum
 16885 | D:11     | Reached skill level 16 in Air Magic
 16930 | D:11     | Killed Harold
 17476 | D:11     | Found Zyash's Antique Weapon Shop.
 17877 | D:11     | Noticed Josephine
 17889 | D:11     | Killed Josephine
 18211 | Lair:1   | Entered Level 1 of the Lair of Beasts
 18211 | Lair:1   | Noticed a four-headed hydra
 18215 | Lair:1   | Killed a four-headed hydra
 18216 | Lair:1   | Reached skill level 17 in Air Magic
 18293 | Lair:1   | Noticed a five-headed hydra
 18308 | Lair:1   | Killed a five-headed hydra
 18418 | Lair:1   | Noticed a seven-headed hydra
 18420 | Lair:1   | Noticed an eight-headed hydra
 18422 | Lair:1   | Killed a seven-headed hydra
 18960 | Lair:1   | Killed an eight-headed hydra
 19058 | Lair:1   | Offered knowledge of Stone Arrow by Vehumet.
 19215 | Lair:1   | Reached skill level 18 in Air Magic
 19232 | Lair:1   | Reached skill level 1 in Staves
 19305 | Lair:1   | Reached XP level 13. HP: 70/79 MP: 20/23
 20375 | Lair:2   | Noticed Urug
 20386 | Lair:2   | Killed Urug
 20486 | Lair:2   | Reached *** piety under Vehumet
 20828 | Lair:2   | Found a staircase to the Snake Pit.
 21698 | Lair:3   | Offered knowledge of Frozen Ramparts by Vehumet.
 21726 | Lair:3   | Found a gate leading to a gauntlet.
 21742 | Gauntlet | Entered a Gauntlet
 21742 | Gauntlet | Found a transporter.
 21756 | Gauntlet | Found a transporter.
 21757 | Gauntlet | Found a transporter.
 21768 | Gauntlet | Found a transporter.
 21768 | Gauntlet | Found a transporter.
 21769 | Gauntlet | Found a transporter.
 21777 | Gauntlet | Found a runed translucent door.
 21781 | Gauntlet | Found a transporter.
 21782 | Gauntlet | Found a transporter.
 21789 | Gauntlet | Found a transporter.
 21794 | Gauntlet | Found a transporter.
 21795 | Gauntlet | Found a transporter.
 21796 | Gauntlet | Found a transporter.
 21800 | Gauntlet | Found a runed translucent door.
 21802 | Gauntlet | Found a runed translucent door.
 21804 | Gauntlet | Found a transporter.
 21874 | Gauntlet | Found a transporter.
 21898 | Gauntlet | quinnr: ??might
 21898 | Gauntlet | beem: might[1/2]: For the player, +1d10 melee damage.
                  | Monsters under this effect are "unusually strong" and deal
                  | 50% more damage.
 21898 | Gauntlet | quinnr: ??lignification
 21898 | Gauntlet | beem: potion of lignification[1/2]: Causes temporary
                  | uncancellable (but cancellationable!) {tree form}.
 21898 | Gauntlet | quinnr: ??lignification[2
 21898 | Gauntlet | beem: tree form[1/3]: Immobile form with -Tele, +50% HP, 20
                  | + XL/2 AC, minimal EV, rN+++, rPois, torment immunity, and
                  | gives +12 base UC damage. Unlike statue form, tree form
                  | does NOT give rot or poison immunity.
 22266 | Gauntlet | Identified a scroll of acquirement
 22266 | Gauntlet | Acquired the ring "Pazat" {rElec rPois Dex+6}
 22274 | Gauntlet | quinnr: ??Dex
 22274 | Gauntlet | beem: dex[1/1]: Increases {accuracy} slightly, chance of
                  | stabbing distracted mons and stealth as well. Plays a
                  | significant role in EV if you have {dodging} skill. Boosts
                  | ability to shield-block, especially for bucklers, less for
                  | large shields.
 22384 | Gauntlet | Identified the ring "Badghus" {rPois rF- Will+ rCorr}
 22626 | Gauntlet | Learned a level 2 spell: Searing Ray
 22635 | Gauntlet | Mangled by a large abomination

Illustrated notes

Levels and vault maps discovered:
D:1:      dpeg_arrival_castle, layout_basic
D:2:      layout_rooms, hellmonk_ecumenical_altar_crossroads, serial_rivers,
          chequers_serial_rivers_micro_d, chequers_serial_rivers_small_3,
          chequers_serial_rivers_micro_e, chequers_serial_rivers_micro_a,
          chequers_serial_rivers_large_b, uniq_jessica
D:3:      layout_basic, mainiacjoe_overflow_catch_the_wave,
          minmay_gold_behind_fungi
D:4:      layout_cave_pods, mainiacjoe_overflow_cross_hatched,
          guppyfry_shop_venom
D:5:      layout_loops_corners, grunt_qazlal_sundering,
          makhleb_blood_cavern_becter, nicolae_ossuary_entry_false_entrances
D:6:      layout_rooms, slow_altar_2, minmay_temple_entry_grid,
          cheibrodos_sewer_entry_sluice, minmay_microvault
D:7:      layout_loops_ring, mainiacjoe_overflow_divided_tiny
D:8:      kennysheep_housing_project, layout_basic, minitemple, worms_lemuel
D:9:      layout_loops_corners, mainiacjoe_overflow_tiny_flanked,
          grunt_decor_arrowhead
D:10:     layout_rooms, erik_lair_island, bh_circular_ruins, uniq_joseph
D:11:     layout_loops_corners, serial_shops, kennysheep_little_box,
          uniq_josephine, uniq_harold, uniq_grum
D:12:     layout_basic, orc_0_dummy, uniq_frances
Temple:   grunt_temple_mini_profane
Lair:1:   layout_cave_shapes, dpeg_stationary_puzzle
Lair:2:   layout_cave_pods, minmay_snake_entry_guardpost_small,
          lemuel_fruit_fields, uniq_urug
Lair:3:   layout_cave_pods, gauntlet_entry_generic, grunt_megastairs_5,
          lemuel_fruit_tree, serial_bayou_shore_a
Gauntlet: gammafunk_gauntlet_77_escape_option
          [minmay_gauntlet_arena_77_radiant_squares,
          minmay_gauntlet_arena_77_chump_sandwich,
          minmay_gauntlet_arena_77_path, minmay_gauntlet_arena_77_block_sizes,
          minmay_gauntlet_arena_77_cramped, gauntlet_exit_hidden_loot]

Skill      XL: |  1  2  3  4  5  6  7  8  9 10 11 12 13 |
---------------+----------------------------------------+-----
Air Magic      | 5 6 7 8 9 10 12 14 15 18 | 18.9
Stealth        | 4 5 6 |  6.0
Fighting       | 1 3 4 5 6 8 9 |  9.6
Evocations     | 4 6 7 |  7.8
Armour         | 2 |  2.0
Dodging        | 4 5 6 |  6.2
Conjurations   | 3 6 |  6.0
Spellcasting   | 3 6 |  6.0
Poison Magic   | 1 3 |  3.0
Staves         | 1 2 |  2.0

Action                   |  1- 3 |  4- 6 |  7- 9 | 10-12 | 13-15 || total
-------------------------+-------+-------+-------+-------+-------++-------
Melee: Unarmed           |     1 |    12 |   108 |       |       ||   121
       Kick              |     1 |     3 |    27 |     9 |     7 ||    47
       Peck              |       |     2 |    19 |     6 |     5 ||    32
       Falchion          |       |       |     3 |       |       ||     3
       Hand axe          |       |       |       |    19 |     5 ||    24
       Staff             |       |       |       |    36 |    27 ||    63
 Cast: Shock             |    69 |   114 |   174 |   320 |    61 ||   738
       Airstrike         |       |     6 |    50 |   134 |    55 ||   245
       Static Discharge  |       |       |    19 |    13 |       ||    32
       Poisonous Vapours |       |       |       |    92 |    38 ||   130
       Mephitic Cloud    |       |       |       |    21 |     9 ||    30
Evoke: Wand              |       |       |     2 |     3 |     2 ||     7
       Phantom mirror    |       |       |       |       |     1 ||     1
  Use: Scroll            |       |     5 |     7 |    12 |     5 ||    29
       Potion            |       |       |     4 |     1 |     5 ||    10
 Stab: Confused          |       |       |       |     2 |     2 ||     4
Armor: Robe              |     1 |     4 |    45 |    53 |    11 ||   114
Dodge: Dodged            |     4 |    18 |   161 |   209 |    52 ||   444
       Rpst.: Falchion   |       |       |     3 |       |       ||     3

Table legend: (Time is in decaauts)
 A = Elapsed time spent in this place.
 B = Non-inter-level travel time spent in this place.
 C = Inter-level travel time spent in this place.
 D = Time resting spent in this place.
 E = Time spent auto-exploring this place.
 F = Levels seen in this place.
 G = Mean time per level.
                   A        B        C        D        E       F      G
               +--------+--------+--------+--------+--------+-----+--------+
         Total |  21689 |  20536 |   1153 |   3556 |  13543 |  19 | 1141.5 |
       Dungeon |  15762 |  14802 |    960 |   2261 |  10207 |  12 | 1313.5 |
        Temple |    251 |    209 |     42 |      0 |    208 |   1 |  251.0 |
          Lair |   3031 |   2882 |    149 |    313 |   2070 |   3 | 1010.3 |
         Sewer |    750 |    750 |      0 |    163 |    471 |   1 |  750.0 |
       Ossuary |   1004 |   1004 |      0 |    481 |    237 |   1 | 1004.0 |
      Gauntlet |    888 |    888 |      0 |    336 |    348 |   1 |  888.0 |
               +--------+--------+--------+--------+--------+-----+--------+

Top non-repeatable levels by time:
     D:5: 1911 daAuts
     D:8: 1798 daAuts
     D:4: 1765 daAuts
  Lair:1: 1747 daAuts
     D:9: 1514 daAuts
    D:11: 1512 daAuts
    D:10: 1464 daAuts
     D:3: 1307 daAuts
     D:1: 1263 daAuts
  Lair:2: 1178 daAuts
     D:6: 1151 daAuts
     D:7: 1029 daAuts
     D:2: 1023 daAuts
 Ossuary: 1004 daAuts
Gauntlet: 888 daAuts
